 Dungeon Crawl Stone Soup version 0.26-a0-642-g67e99244d3 (webtiles) character file.

Game seed: 7184513946041532845

39 DogServant the Gusty (level 3, 0/20 HPs)
             Began as a Tengu Air Elementalist on Sept 22, 2020.
             Slain by Natasha (6 damage)
             ... on level 2 of the Dungeon.
             The game lasted 00:02:54 (1135 turns).

DogServant the Gusty (Tengu Air Elementalist)       Turns: 1135, Time: 00:02:55

Health: 0/20       AC:  2    Str:  8    XL:     3   Next: 45%
Magic:  0/7        EV: 12    Int: 16    God:
Gold:   36         SH:  0    Dex: 14    Spells: 0/6 levels left

rFire    . . .     SeeInvis .   e - +0 dagger (venom)
rCold    . . .     Faith    .   (no shield)
rNeg     . . .     Spirit   .   d - +0 robe {Archmagi}
rPois    .         Reflect  .   (helmet restricted)
rElec    .         Harm     .   (no cloak)
rCorr    .         Rampage  .   (no gloves)
MR       .....                  (boots unavailable)
Stlth    ++........             (no amulet)
HPRegen  0.06/turn              (no ring)
MPRegen  0.10/turn              (no ring)

@: no status effects
A: beak, talons 3
a: no special abilities


You were on level 2 of the Dungeon.
You visited 1 branch of the dungeon, and saw 2 of its levels.

You collected 36 gold pieces.

Inventory:

Hand Weapons
 e - a +0 dagger of venom (weapon)
Armour
 a - a +0 robe
 d - a +0 robe of the Archmagi (worn)
Scrolls
 f - 3 scrolls of identify {unknown}
Potions
 b - a potion of cancellation {unknown}
 c - a potion of flight {unknown}


   Skills:
 + Level 0.8 Fighting
 - Level 2.1 Dodging
 - Level 2.0 Stealth
 + Level 2.4 Spellcasting
 + Level 2.6 Conjurations
 + Level 4.6 Air Magic


You couldn't memorise any spells.
You knew the following spells:

 Your Spells              Type           Power        Failure   Level
a - Shock                 Conj/Air       ###.         4%          1
b - Swiftness             Air            ####....     4%          2
c - Static Discharge      Conj/Air       ###.....     13%         3

Your spell library contained the following spells:

 Spells                   Type           Power        Failure   Level
 Airstrike                Air            ####......   30%         4
 Lightning Bolt           Conj/Air       ###.......   77%         5


Dungeon Overview and Level Annotations

Branches:
Dungeon (2/15)

Altars:
Ashenzari

Annotations:
D:2 Natasha


Innate Abilities, Weirdness & Mutations

You have a beak for a mouth.
You have claws for feet.


Message History

You feel a surge of power!
The zap hits Natasha but does no damage.
Natasha is severely wounded.
Natasha claws you!
* * * LOW HITPOINT WARNING * * *
Casting: Shock (safe; 4% risk of failure)
Confirm with . or Enter, or press ? or * to list all spells.
Aiming: Shock (safe; 4% risk of failure)
Press: ? - help, Shift-Dir - straight line, f/p - Natasha
Aim: Natasha (severely wounded)
You feel a surge of power!
The zap hits Natasha.
Natasha is almost dead.
Natasha wildly gestures.
You feel troubled. Natasha barely misses you.
Your magical contamination has completely faded away.
You barely miss Natasha. Your kick misses Natasha.
Natasha is almost dead.
Natasha claws you.
You die...

## ..# #### #..
##...##
#..##.....##
#..#..†....#
#..#.......#
#..#.......#
#..<......##
......###@....#
........h......#
)..............#
...............#
..............##
. ...?...#..<##
....... ####
#######


You could see Natasha.

Vanquished Creatures
  An adder (D:2)
  3 bats (D:1)
  2 giant cockroaches (D:1)
  2 goblins (D:1)
  4 hobgoblins (D:1)
  8 jackals (D:1)
  A kobold (D:1)
  2 frilled lizards (D:1)
23 creatures vanquished.

Notes
Turn   | Place    | Note
-------+----------+-------------------------------------------
     0 | D:1      | DogServant the Tengu Air Elementalist began the quest for
                  | the Orb.
     0 | D:1      | Reached XP level 1. HP: 10/10 MP: 4/4
    83 | D:1      | Reached XP level 2. HP: 15/15 MP: 0/6
   270 | D:1      | Learned a level 2 spell: Swiftness
   644 | D:1      | Reached XP level 3. HP: 18/20 MP: 1/7
   872 | D:1      | Learned a level 3 spell: Static Discharge
  1063 | D:1      | Found a shattered altar of Ashenzari.
  1127 | D:2      | Noticed Natasha
  1135 | D:2      | Slain by Natasha

Illustrated notes

Levels and vault maps discovered:
D:1:      heliophobic_arrival_ceremonial_halls, layout_rooms,
          nicolae_ashenzari_panopticon
D:2:      minmay_chambers_of_ones, layout_rooms, overflow_temple_1_default,
          nicolae_underground_beach, uniq_natasha

Skill      XL: |  1 |
---------------+----+-----
Conjurations   | 2 |  2.6
Fighting       | |  0.8
Dodging        | |  2.1
Stealth        | |  2.0
Spellcasting   | |  2.4
Air Magic      | |  4.6

Action                   || total
-------------------------++-------
Melee: Unarmed           ||    20
       Kick              ||     5
       Peck              ||     3
       Dagger            ||     1
 Cast: Shock             ||    43
Armor: Robe              ||     4
Dodge: Dodged            ||    19

Table legend: (Time is in decaauts)
 A = Elapsed time spent in this place.
 B = Non-inter-level travel time spent in this place.
 C = Inter-level travel time spent in this place.
 D = Time resting spent in this place.
 E = Time spent auto-exploring this place.
 F = Levels seen in this place.
 G = Mean time per level.
                   A        B        C        D        E       F      G
               +--------+--------+--------+--------+--------+-----+--------+
         Total |   1134 |   1104 |     30 |    416 |    540 |   2 |  567.0 |
       Dungeon |   1134 |   1104 |     30 |    416 |    540 |   2 |  567.0 |
               +--------+--------+--------+--------+--------+-----+--------+

Top non-repeatable levels by time:
     D:1: 1093 daAuts
     D:2: 40 daAuts
